 Dungeon Crawl Stone Soup version 0.17.1-1-g73c8601 (webtiles) character file.

5077 Gargoyl the Protected (level 10, -1/80 HPs)
             Began as a Demonspawn Abyssal Knight on Dec 18, 2015.
             Was a High Priest of Lugonu.
             Slain by an ice beast (7 damage)
             ... summoned by an ice statue
             ... in an ice cave on Dec 20, 2015.
             The game lasted 00:22:46 (10850 turns).

Gargoyl the Protected (Demonspawn Abyssal Knight)  Turns: 10850, Time: 00:22:46

Health: -1/80      AC: 19    Str: 16    XL:     10   Next: 31%
Magic:  11/11      EV:  7    Int: 13    God:    Lugonu [*****.]
Gold:   394        SH:  0    Dex: 15    Spells: 0 memorised, 9 levels left

rFire  . . .     SeeInvis .     r - +3 war axe
rCold  + . .     Clarity  .     s - +2 plate armour {rC+}
rNeg   . . .     SustAt   +     (no shield)
rPois  +         Gourm    .     (helmet restricted)
rElec  .         Spirit   .     n - +0 cloak
rCorr  .         Warding  .     f - +0 pair of gloves
rMut   .         Stasis   .     (no boots)
MR     .....                    (no amulet)
Stlth  ..........               j - ring of Opnos {Dex+2 Stlth+}
                                q - ring of sustain attributes

@: not resistant to hostile enchantments, extremely unstealthy
A: horns 1, molten scales 1, blurry vision 2, demonic guardian 2, poison
resistance
a: Depart the Abyss, Bend Space, Banish, Corrupt, Enter the Abyss, Renounce
Religion


You were in an ice cave.
You worshipped Lugonu.
Lugonu was extremely pleased with you.
You were not hungry.

You visited 2 branches of the dungeon, and saw 9 of its levels.
You visited the Abyss 1 time.
You also visited: Ossuary and Ice Cave.

You collected 394 gold pieces.

Inventory:

Hand Weapons
 r - a +3 war axe (weapon)
 x - a -2 flail
Missiles
 v - 2 tomahawks (quivered)
Armour
 f - a +0 pair of gloves (worn)
 n - a +0 cloak (worn)
 s - a +2 plate armour of cold resistance (worn)
Jewellery
 b - an uncursed ring of fire
 j - the ring of Opnos (right hand) {Dex+2 Stlth+}
   (You found it on level 7 of the Dungeon)

   [ring of stealth]

   It affects your dexterity (+2).
   It makes you more stealthy.
 p - an uncursed ring of see invisible
 q - a ring of sustain attributes (left hand)
Wands
 c - a wand of frost (6)
Scrolls
 e - 2 scrolls of identify
 g - 2 scrolls of magic mapping
 h - 3 scrolls of teleportation
 m - 2 scrolls of remove curse
 t - 2 scrolls of blinking
 y - a scroll of recharging
 B - a scroll of fear
 G - a scroll of amnesia
Potions
 d - 2 potions of curing
 i - 3 potions of flight
 k - 2 potions of resistance
 l - 4 potions of agility
 E - a potion of brilliance
Books
 a - a book of Power

   Spells                             Type                      Level
   a - Fulminant Prism                Conjuration/Hexes            4
   b - Iskenderun's Mystic Blast      Conjuration                  4
   c - Venom Bolt                     Conjuration/Poison           5
   d - Bolt of Magma                  Conjuration/Fire/Earth       5
   e - Iron Shot                      Conjuration/Earth            6
   f - Orb of Destruction             Conjuration                  7
   g - Spellforged Servitor           Conjuration/Summoning        7
Comestibles
 o - a meat ration
 u - 7 bread rations


   Skills:
 + Level 7.9 Fighting
 + Level 7.6 Axes
 + Level 2.1 Throwing
 + Level 8.5 Armour
 + Level 4.3 Dodging
 + Level 1.6 Stealth
 + Level 2.6 Invocations


You had 9 spell levels left.
You didn't know any spells.

Dungeon Overview and Level Annotations

Branches:
Dungeon (8/15)             Temple (0/1) D:7            Lair (1/8) D:8

Altars:
Kikubaaqudgha
Makhleb
Nemelex Xobeh
Okawaru
Vehumet
Xom
Zin

Annotations:
IceCv exclusion: 3 ice statues


Innate Abilities, Weirdness & Mutations

You have a pair of small horns on your head.
You are partially covered in molten scales (AC +1).
A demonic guardian rushes to your aid.
Scrolls take you longer to read.
Your system is resistant to poisons.


Message History

Your smoke demon is engulfed in freezing vapours.
Your smoke demon closely misses the ice beast.
Your smoke demon barely misses the ice beast.
Your smoke demon hits the ice beast.
Drink which item? (? for menu, Esc to quit)
You feel better.
You are engulfed in freezing vapours.
You resist.
* * * LOW HITPOINT WARNING * * *
The ice statue throws cold at you. The bolt of cold misses you.
The bolt of cold hits the ice beast.
The ice beast completely resists.
The ice beast hits your smoke demon but does no damage.
The ice beast hits you but does no damage. x2
The ice beast closely misses you.
Your smoke demon is engulfed in freezing vapours.
Your smoke demon hits the ice beast.
Your smoke demon misses the ice beast.
Your smoke demon barely misses the ice beast.
The ice beast hits you.
* * * LOW HITPOINT WARNING * * *
The ice beast freezes you! You resist.
You die...

###### #############
.....## ##.....#8Y...##
......###......#@Y3...##
.......#.......#YY§Y...#
.......#.......#.§§....#
.∩..∩............§.....8
.......#.......#.......#
.......#.......#.......#
......###......#......##
.....## ##[....#8....##
###### #############


You could see 3 ice statues, 5 ice beasts and a friendly smoke demon.

Vanquished Creatures
  The ghost of antares the Thaumaturge, a novice DEWz of Nemelex Xobeh (D:6)
  The ghost of antares the Magician, a novice DEWz of Sif Muna (D:4)
  A human (D:7)
  A yak (D:8)
  3 hungry ghosts
  2 ice beasts
  2 sky beasts
  A black bear (D:6)
  A porcupine (Lair:1)
  An orc warrior (D:7)
  2 water moccasins
  4 ogres
  Blork the orc (D:5)
  A giant frog (D:6)
  A wyvern skeleton (D:6)
  12 scorpions
  2 killer bees (D:8)
  3 wights (D:6)
  2 orc wizards
  2 hounds
  3 crimson imps
  A giant frog skeleton (D:6)
  3 centaur zombies (Ossuary)
  2 jellies
  A human zombie (Ossuary)
  An iguana (D:6)
  3 worker ants
  3 sheep (D:7)
  2 big kobold zombies (Ossuary)
  3 mummies (Ossuary)
  10 river rats (Lair:1)
  4 gnolls
  A shadow imp (D:5)
  8 adders
  12 white imps (Lair:1)
  An ooze (D:2)
  An adder skeleton (D:5)
  4 worms
  21 orcs
  7 bats
  5 giant cockroaches
  4 goblins
  12 hobgoblins
  13 jackals
  13 kobolds
  4 quokkas
  8 giant geckos
  A giant gecko skeleton (D:5)
  7 giant newts
  2 gnoll zombies (Ossuary)
  A goblin zombie (Ossuary)
  2 hobgoblin zombies (Ossuary)
  A kobold zombie (Ossuary)
  An orc zombie (Ossuary)
  9 rats
218 creatures vanquished.

Vanquished Creatures (collateral kills)
  The ghost of Acur the Slasher, an amateur OpFi (D:5)
  3 yaks (D:8)
  6 ice beasts (IceCv)
  A sky beast (D:5)
  An ogre (D:4)
  2 killer bees (D:8)
  A wight (D:6)
  A centaur zombie (Ossuary)
  A jelly (D:6)
  A sheep (D:7)
  A hobgoblin zombie (Ossuary)
19 creatures vanquished.

Grand Total: 237 creatures vanquished

Notes
Turn   | Place    | Note
--------------------------------------------------------------
     0 | Abyss:1  | Gargoyl the Demonspawn Abyssal Knight began the quest for the Orb.
     0 | Abyss:1  | Reached XP level 1. HP: 18/18 MP: 2/2
    44 | Abyss:1  | Noticed a large abomination
    56 | D:1      | Escaped the Abyss
   233 | D:1      | Reached skill level 1 in Dodging
   236 | D:1      | Reached * piety under Lugonu
   371 | D:1      | Gained mutation: You have a pair of small horns on your head. [demonic ancestry]
   371 | D:1      | Reached XP level 2. HP: 20/24 MP: 3/3
   984 | D:1      | Gained mutation: A weak demonic guardian rushes to your aid. [demonic ancestry]
   984 | D:1      | Reached XP level 3. HP: 12/30 MP: 4/4
  1501 | D:2      | Reached ** piety under Lugonu
  1747 | D:2      | Gained mutation: You are partially covered in molten scales (AC +1). [demonic ancestry]
  1747 | D:2      | Reached XP level 4. HP: 23/37 MP: 5/5
  2089 | D:2      | Found an iron altar of Okawaru.
  2433 | D:2      | Reached skill level 4 in Fighting
  2843 | D:3      | Reached XP level 5. HP: 40/42 MP: 6/6
  3120 | D:3      | Found a faded altar to an unknown god.
  3644 | D:4      | Noticed an ogre
  3651 | D:4      | Killed an ogre
  3662 | D:4      | Got a jewelled helmet
  3664 | D:4      | Identified the cursed +0 helmet of the Quahog {rElec rCorr MP+9 Dex-3} (You found it on level 4 of the Dungeon)
  3680 | D:4      | Found an ancient bone altar of Kikubaaqudgha.
  3680 | D:4      | Found a shimmering altar of Xom.
  3681 | D:4      | Found a radiant altar of Vehumet.
  3735 | D:4      | Reached *** piety under Lugonu
  3773 | D:4      | Noticed antares's ghost (novice DEWz)
  3799 | D:4      | Killed antares's ghost
  3799 | D:4      | Reached XP level 6. HP: 19/49 MP: 7/7
  3981 | D:4      | Noticed an ogre
  3987 | D:4      | Killed an ogre
  4169 | D:4      | Reached skill level 1 in Stealth
  4344 | D:4      | Reached XP level 7. HP: 49/55 MP: 8/8
  4593 | D:5      | Entered Level 5 of the Dungeon
  4688 | D:5      | Noticed Acur's ghost (amateur OpFi)
  4696 | D:5      | Killed Acur's ghost
  5039 | D:5      | Reached skill level 5 in Fighting
  5370 | D:5      | Reached XP level 8. HP: 60/62 MP: 9/9
  5411 | D:5      | Reached skill level 5 in Armour
  5898 | D:5      | Noticed Blork the orc
  5912 | D:5      | Killed Blork the orc
  5912 | D:5      | Reached skill level 1 in Throwing
  6408 | D:6      | Reached skill level 5 in Axes
  6556 | D:6      | Reached **** piety under Lugonu
  6644 | D:6      | Noticed antares's ghost (novice DEWz)
  6670 | D:6      | Killed antares's ghost
  6670 | D:6      | Reached skill level 6 in Fighting
  7187 | D:7      | Found a staircase to the Ecumenical Temple.
  7301 | D:7      | Found a burning altar of Makhleb.
  7312 | D:7      | Got a coiled turquoise ring
  7313 | D:7      | Identified the ring of Opnos {Dex+2 Stlth+} (You found it on level 7 of the Dungeon)
  7344 | D:7      | Gained mutation: A demonic guardian rushes to your aid. [demonic ancestry]
  7344 | D:7      | Reached XP level 9. HP: 64/69 MP: 10/10
  8232 | D:8      | Reached skill level 7 in Armour
  8293 | D:8      | Found a sand-covered staircase.
  8300 | Ossuary  | Entered an ossuary
  8368 | Ossuary  | Reached ***** piety under Lugonu
  9214 | Ossuary  | Reached skill level 8 in Armour
  9243 | Ossuary  | Gained mutation: Scrolls take you a little longer to read. [potion of mutation]
  9243 | Ossuary  | Gained mutation: Your system is resistant to poisons. [potion of mutation]
  9243 | Ossuary  | Gained mutation: Scrolls take you longer to read. [potion of mutation]
  9755 | D:8      | Reached XP level 10. HP: 53/79 MP: 11/11
  9942 | D:8      | Found a staircase to the Lair.
 10286 | D:8      | Found a glowing silver altar of Zin.
 10288 | D:8      | Found a sparkling altar of Nemelex Xobeh.
 10424 | Lair:1   | Entered Level 1 of the Lair of Beasts
 10557 | Lair:1   | Found a frozen archway.
 10594 | IceCv    | Entered an ice cave
 10849 | IceCv    | HP: 4/80 [ice statue] (10)]
 10850 | IceCv    | Slain by an ice beast

Action                   |  1- 3 |  4- 6 |  7- 9 | 10-12 || total
-------------------------+-------+-------+-------+-------++-------
Melee: Hand axe          |   124 |   209 |   196 |       ||   529
       War axe           |       |       |   287 |    90 ||   377
Throw: Tomahawk          |       |       |    18 |     2 ||    20
Invok: Depart the Abyss  |     1 |       |       |       ||     1
  Use: Scroll            |       |     9 |     9 |     5 ||    23
       Potion            |       |       |    11 |     4 ||    15
 Stab: Distracted        |       |     1 |       |     1 ||     2
  Eat: Chunk             |     1 |     3 |     3 |     4 ||    11
       Bread ration      |     1 |       |       |       ||     1
       Fruit             |       |     4 |     3 |       ||     7
       Meat ration       |       |       |     3 |       ||     3
       Pizza             |       |       |     6 |     2 ||     8
       Beef jerky        |       |       |     1 |     1 ||     2
